 Dungeon Crawl Stone Soup version 0.26-a0-1139-g7d2dc893a1 (webtiles) character file.

Game seed: 13902295136441363630

4273 tilp the Martial Artist (level 10, -7/76 HPs)
             Began as an Octopode Transmuter on Dec 21, 2020.
             Was a Believer of Nemelex Xobeh.
             Mangled by a mummy (13 damage)
             ... in an ossuary.
             The game lasted 00:23:49 (13820 turns).

tilp the Martial Artist (Octopode Transmuter)      Turns: 13820, Time: 00:23:50

Health: -7/76      AC:  6    Str: 16    XL:     10   Next: 31%
Magic:  16/16      EV:  6    Int: 19    God:    Nemelex Xobeh [**....]
Gold:   56         SH:  0    Dex: 12    Spells: 7/17 levels left

rFire    . . .     SeeInvis .     - Unarmed
rCold    + + +     Faith    .   (shield currently unavailable)
rNeg     + + .     Spirit   .   (helmet currently unavailable)
rPois    +         Reflect  .   w - amulet of the acrobat
rElec    .         Harm     .   q - ring of flight
rCorr    .         Rampage  .   u - +6 ring of strength
Will     +....                  F - ring of positive energy
Stlth    ++........             H - ring of positive energy
HPRegen  0.22/turn              O - ring of willpower
MPRegen  0.15/turn              v - ring of protection from fire
                                (no ring)
                                (no ring)

@: ice-form, held
A: large, almost no armour, stealthy swim, amphibious, 8 rings, (constrict 8)
a: End Transformation, Renounce Religion, Evoke Flight, Draw Escape, Draw
Destruction, Draw Summoning


You were in an ossuary.
You worshipped Nemelex Xobeh.
Nemelex Xobeh was pleased with you.
You were a creature of crystalline ice.
You visited 2 branches of the dungeon, and saw 9 of its levels.
You also visited: Sewer and Ossuary.

You collected 426 gold pieces.
You spent 370 gold pieces at shops.

Inventory:

Missiles
 f - 21 poisoned darts (quivered)
 h - 253 stones
 A - 5 curare-tipped darts
 M - 6 boomerangs
 P - 4 throwing nets
Armour
 k - a +0 kite shield
Jewellery
 q - a ring of flight (left front paw)
 u - a +6 ring of strength (right front paw)
 v - a ring of protection from fire (on tentacle)
 w - an amulet of the acrobat (around neck)
 y - an uncursed amulet of guardian spirit {unknown}
 E - an uncursed amulet of faith {unknown}
 F - a ring of positive energy (on tentacle)
 H - a ring of positive energy (on tentacle)
 L - a +4 ring of slaying {unknown}
 O - a ring of willpower (on tentacle)
Wands
 C - a wand of polymorph (6)
 J - a wand of iceblast (7)
 K - a wand of random effects (20)
 N - a wand of acid (8)
Scrolls
 b - 2 scrolls of amnesia
 c - 4 scrolls of remove curse
 j - 3 scrolls of fog
 o - 3 scrolls of teleportation
 t - 2 scrolls of magic mapping
 z - a scroll of enchant armour
Potions
 a - 7 potions of flight {unknown}
 d - 4 potions of brilliance {unknown}
 g - a potion of resistance {unknown}
 i - 3 potions of curing {unknown}
 l - 2 potions of attraction
 m - 4 potions of degeneration {unknown}
 n - 2 potions of mutation {unknown}
 p - 4 potions of haste
 r - a potion of might {unknown}
 s - 2 potions of magic {unknown}
 x - 2 potions of berserk rage {unknown}
 B - a potion of ambrosia {unknown}
 I - a potion of cancellation {unknown}


   Skills:
 + Level 4.2 Fighting
 + Level 1.2 Throwing
 + Level 4.2 Dodging
 - Level 4.0 Stealth
 + Level 1.1 Shields
 + Level 8.1 Unarmed Combat
 - Level 4.0 Spellcasting
 - Level 8.0 Transmutations
 - Level 2.0 Ice Magic
 - Level 2.0 Poison Magic
 - Level 4.0 Invocations
 - Level 4.0 Evocations


You had 7 spell levels left.
You knew the following spells:

 Your Spells              Type           Power        Failure   Level
a - Beastly Appendage     Tmut           68%          1%          1
b - Wereblood             Tmut           34%          1%          2
c - Spider Form           Tmut/Pois      11%          5%          3
d - Ice Form              Ice/Tmut       22%          17%         4

Your spell library contained the following spells:

 Spells                   Type           Power        Failure   Level
 Blade Hands              Tmut           17%          14%         5


Dungeon Overview and Level Annotations

Branches:
Dungeon (8/15)             Temple (1/1) D:5           Sewer (visited)
Ossuary (1/1)
   Lair: D:8-11

Altars:
Ashenzari
Cheibriados
Dithmenos
Elyvilon
Fedhas
Gozag
Hepliaklqana
Kikubaaqudgha
Makhleb
Nemelex Xobeh
Okawaru
Qazlal
Ru
Trog
Uskayaw
Vehumet
Wu Jian
Xom
Yredelemnul
Zin
The Shining One

Shops:
D:4 *   D:5 (   D:7 *

Annotations:
D:7 1 runed translucent door, Crazy Yiuf


Innate Abilities, Weirdness & Mutations

You cannot wear most types of armour.
You are very stealthy in the water. (Stealth+)
You are amphibious.
You can wear up to eight rings at the same time.
((You can use your tentacles to constrict eight enemies at once.))
((Your skin changes colour to match your surroundings (Stealth+).))
((Your rubbery body absorbs attacks. (AC +1, EV +1)))


Message History

The mummy hits you!!
* * * LOW HITPOINT WARNING * * *
You hit the mummy but do no damage.
The mummy is heavily damaged.
The mummy drops a net on you. A large net falls onto you!
You become entangled in the net!
The mummy hits you but does no damage.
Unknown command.
You struggle against the net.
The mummy hits you!
* * * LOW HITPOINT WARNING * * *
Unknown command.
You feel much better.
The sentinel's mark upon you fades away.
The mummy barely misses you. The mummy hits you.
* * * LOW HITPOINT WARNING * * *
Unknown command.
You struggle against the net.
The mummy hits you!
* * * LOW HITPOINT WARNING * * *
The mummy hits you but does no damage. The mummy hits you!
You die...
Your body glows slightly and disappears.

##...##
#.....#
#.....#
#.....#
#.....#
#..∩..#
#....(#
#..∩..#
#...MY#
#...MM#
#.....#
#...^^..
##..^..##
#..^....
##...^.#
..^....


You could see 3 mummies.

Vanquished Creatures
  Joseph (D:7)
  3 orc warriors
  A black bear (D:7)
  A phantom (D:7)
  3 ogres
  2 centaurs
  2 bullfrogs
  A gnoll sergeant (D:7)
  2 scorpions
  6 killer bees (D:5)
  9 wights
  A howler monkey (D:6)
  2 bullfrog zombies
  3 centaur zombies (Ossuary)
  3 hounds (D:8)
  7 orc priests
  A centaur skeleton (D:5)
  A gnoll shaman (D:4)
  2 bullfrog skeletons
  A jelly (D:6)
  9 orc wizards
  An iguana (D:4)
  10 worker ants
  A killer bee zombie (D:5)
  5 big kobold zombies (Ossuary)
  2 hound zombies (D:7)
  A hound skeleton (D:7)
  3 mummies (Ossuary)
  13 gnolls
  8 adders
  A shadow imp (D:6)
  A white imp (D:6)
  2 ufetubi
  A worm (D:3)
  3 dart slugs
  5 leopard geckos
  28 orcs
  4 ball pythons
  5 giant cockroaches
  8 goblins
  3 hobgoblins
  17 jackals
  4 quokkas
  4 bats
  8 frilled lizards
  2 hobgoblin zombies (Ossuary)
  5 kobolds
  A leopard gecko skeleton (D:6)
  A quokka skeleton (D:4)
  16 rats
224 creatures vanquished.

Vanquished Creatures (collateral kills)
  Harold (D:7)
1 creature vanquished.

Vanquished Creatures (others)
  5 fungi (D:7)
5 creatures vanquished.

Grand Total: 230 creatures vanquished

Notes
Turn   | Place    | Note
-------+----------+-------------------------------------------
     0 | D:1      | tilp the Octopode Transmuter began the quest for the Orb.
     0 | D:1      | Reached XP level 1. HP: 13/13 MP: 3/3
   414 | D:1      | Reached skill level 1 in Stealth
   481 | D:1      | Reached XP level 2. HP: 18/18 MP: 3/5
   492 | D:1      | Learned a level 2 spell: Wereblood
   949 | D:1      | You fall into a shaft and drop 1 floor!
  1051 | D:1      | Reached XP level 3. HP: 24/24 MP: 3/6
  1394 | D:2      | Found a bloodstained altar of Trog.
  1395 | D:2      | Found an iron altar of Okawaru.
  1395 | D:2      | Found a glowing golden altar of the Shining One.
  1395 | D:2      | Found a shimmering altar of Xom.
  2133 | D:3      | Reached XP level 4. HP: 8/29 MP: 1/7
  2145 | D:3      | Found a glowing drain.
  2387 | Sewer    | Entered a sewer
  2450 | Sewer    | Noticed Purgy
  2830 | D:3      | Reached XP level 5. HP: 30/34 MP: 6/8
  3240 | D:3      | Found an opulent altar of Gozag.
  3444 | D:3      | Learned a level 3 spell: Spider Form
  3902 | D:4      | Reached XP level 6. HP: 39/39 MP: 6/10
  4987 | D:4      | Found Ifooz's Assorted Antiques.
  5009 | D:4      | Found a hide-covered altar of Uskayaw.
  5378 | D:4      | Reached XP level 7. HP: 45/45 MP: 10/13
  5429 | D:5      | Entered Level 5 of the Dungeon
  5588 | D:5      | Reached skill level 1 in Poison Magic
  5588 | D:5      | Found a staircase to the Ecumenical Temple.
  5593 | Temple   | Entered the Ecumenical Temple
  5737 | Temple   | Became a worshipper of Nemelex Xobeh the Trickster
  5829 | D:5      | Reached skill level 5 in Transmutations
  6549 | D:5      | Found Gairofin's Antique Weapon Emporium.
  6877 | D:5      | Reached XP level 8. HP: 24/50 MP: 12/14
  7134 | D:5      | Reached skill level 1 in Invocations
  7134 | D:5      | Reached skill level 1 in Evocations
  8433 | D:6      | Reached * piety under Nemelex Xobeh
  8705 | D:6      | Reached skill level 5 in Unarmed Combat
  9141 | D:6      | Reached XP level 9. HP: 33/58 MP: 15/15
  9456 | D:6      | Received a gift from Nemelex Xobeh
 10217 | D:4      | Bought a blackened glass ring for 95 gold pieces
 10291 | D:7      | Noticed Joseph
 10311 | D:7      | Noticed Harold
 10437 | D:7      | Found Itraamuust's General Store.
 10613 | D:7      | Found a runed translucent door.
 10614 | D:7      | Noticed Crazy Yiuf
 10688 | D:7      | Killed Harold
 10706 | D:7      | Reached ** piety under Nemelex Xobeh
 11459 | D:7      | Learned a level 4 spell: Ice Form
 12241 | D:7      | Reached skill level 1 in Ice Magic
 12687 | D:7      | Killed Joseph
 12688 | D:7      | Reached XP level 10. HP: 63/63 MP: 16/16
 13652 | D:7      | Bought an uncursed ring of protection from fire for 275
                  | gold pieces
 13672 | D:8      | Found a sand-covered staircase.
 13756 | D:8      | Received a gift from Nemelex Xobeh
 13772 | Ossuary  | Entered an ossuary
 13794 | Ossuary  | Reached skill level 1 in Throwing
 13797 | Ossuary  | Reached skill level 1 in Shields
 13820 | Ossuary  | Mangled by a mummy

Illustrated notes

Levels and vault maps discovered:
D:1:      wander_arrival_estate, layout_basic, minmay_rat_gold_closets
D:2:      layout_loops_ring, chequers_temple_overflow_statue_of_worship
D:3:      layout_rooms, serial_glass, glass_columns_b, glass_columns_a,
          portal_sewer_entry_f, grunt_gozag_breadcrumbs
D:4:      layout_basic, eat_drink_and_be_merry_uskayaw, serial_shops,
          nicolae_shop_behind_doors
D:5:      layout_basic, minmay_temple_entry_proselytizer, serial_shops,
          nicolae_shop_overgrown_old_shop, kennysheep_generic_room_5
D:6:      minmay_spotlight, layout_basic
D:7:      layout_basic, serial_shops, shop, uniq_crazy_yiuf_cottage,
          uniq_joseph, uniq_harold
D:8:      layout_cave_pools, enter_ossuary_1, serial_shops, shop, shop,
          shop_coins, ploomutoo_gammafunk_ghost_potion_laboratory
Temple:   regret_index_temple_sphere_string
Ossuary:  ossuary_the_hunt_dpeg

Skill      XL: |  1  2  3  4  5  6  7  8  9 10 |
---------------+-------------------------------+-----
Stealth        | 1 2 3 4 |  4.0
Fighting       | 2 3 4 |  4.2
Unarmed Combat | 4 5 8 |  8.1
Transmutations | 3 4 6 7 8 |  8.0
Spellcasting   | 3 4 |  4.0
Poison Magic   | 2 |  2.0
Invocations    | 3 4 |  4.0
Evocations     | 3 4 |  4.0
Dodging        | 3 4 |  4.2
Ice Magic      | 2 |  2.0
Throwing       | 1 |  1.2
Shields        | 1 |  1.1

Action                   |  1- 3 |  4- 6 |  7- 9 | 10-12 || total
-------------------------+-------+-------+-------+-------++-------
Melee: Unarmed           |    85 |   101 |   242 |    86 ||   514
       Constrict         |    25 |    31 |    60 |     3 ||   119
       Kick              |    12 |    24 |    69 |     5 ||   110
       Tentacles         |     5 |    17 |    64 |     2 ||    88
       Punch             |       |     3 |     5 |       ||     8
Throw: Dart              |    11 |    48 |    46 |     6 ||   111
       Boomerang         |       |       |     3 |       ||     3
 Cast: Beastly Appendage |    28 |    23 |    42 |     2 ||    95
       Wereblood         |     6 |     7 |    13 |     5 ||    31
       Spider Form       |       |       |       |     4 ||     4
       Ice Form          |       |       |       |     1 ||     1
Invok: Draw Destruction  |       |       |     3 |     5 ||     8
       Draw Summoning    |       |       |     1 |       ||     1
Evoke: Wand              |       |       |     3 |     1 ||     4
  Use: Scroll            |     5 |     5 |       |     7 ||    17
       Potion            |       |       |     2 |     2 ||     4
 Stab: Sleeping          |     7 |     5 |     6 |     1 ||    19
Armor: Skin              |     8 |     7 |     3 |    10 ||    28
Dodge: Dodged            |    48 |    54 |   155 |    76 ||   333

Table legend: (Time is in decaauts)
 A = Elapsed time spent in this place.
 B = Non-inter-level travel time spent in this place.
 C = Inter-level travel time spent in this place.
 D = Time resting spent in this place.
 E = Time spent auto-exploring this place.
 F = Levels seen in this place.
 G = Mean time per level.
                   A        B        C        D        E       F      G
               +--------+--------+--------+--------+--------+-----+--------+
         Total |  13786 |  13084 |    702 |   5008 |   6004 |  11 | 1253.3 |
       Dungeon |  13178 |  12504 |    674 |   4820 |   5828 |   8 | 1647.2 |
        Temple |    161 |    133 |     28 |      0 |    128 |   1 |  161.0 |
         Sewer |    402 |    402 |      0 |    185 |     48 |   1 |  402.0 |
       Ossuary |     43 |     43 |      0 |      3 |      0 |   1 |   43.0 |
               +--------+--------+--------+--------+--------+-----+--------+

Top non-repeatable levels by time:
     D:6: 2951 daAuts
     D:7: 2696 daAuts
     D:5: 2297 daAuts
     D:3: 1623 daAuts
     D:4: 1426 daAuts
     D:1: 1294 daAuts
     D:2: 780 daAuts
   Sewer: 402 daAuts
  Temple: 161 daAuts
     D:8: 108 daAuts
 Ossuary: 43 daAuts
